 Dungeon Crawl Stone Soup version 0.30-a0-618-gd6c86c23d0 (webtiles) character file.

Game seed: 7885826983158654460

520453 mandoloar the Slayer (level 24, -36/237 HPs)
             Began as a Minotaur Fighter on Jan 8, 2023.
             Was a High Priest of Okawaru.
             Annihilated by a very large slime creature (49 damage)
             ... on level 3 of the Pits of Slime on Jan 9, 2023.
             The game lasted 04:22:22 (82472 turns).

mandoloar the Slayer (Minotaur Fighter)            Turns: 82472, Time: 04:22:23

Health: -36/237    AC: 32    Str: 45    XL:     24   Next: 9%
Magic:  31/31      EV: 18    Int:  2    God:    Okawaru [*****.]
Gold:   5585       SH:  0    Dex: 16    Spells: 19/23 levels left

rFire   . . .      SeeInvis .    b - +6 war axe (heavy)
rCold   + . .      Faith    .    X - +10 tower shield of Ignorance {rN+ Int-4}
rNeg    + . .      Spirit   .    q - +7 plate armour
rPois   +          Reflect  .    Y - +2 hat of Zumn {rElec Dex+3}
rElec   +          Harm     .    S - +2 cloak {rPois}
rCorr   .          Rampage  ∞    (no gloves)
Will    +....                    k - +3 pair of seven-league boots {Rampage+∞} Stlth
                                 K - amulet of Resul {Regen+ Dex+3}
HPRegen 1.39/turn                A - +6 ring of strength
MPRegen 0.22/turn                O - ring "Qotarr" {*Corrode rC+ Str+6 Int+3}

@: confused, corroded, studying Stealth, unable to drink
A: horns 2, retaliatory headbutt, deterioration 1, dopey 1, no potion heal 1,
inability to drink after injury 1, devolution 1
}: 3/15 runes: decaying, serpentine, silver
a: Renounce Religion, Heroism, Finesse, Duel


You were on level 3 of the Pits of Slime.
You worshipped Okawaru.
Okawaru was extremely pleased with you.
You visited 10 branches of the dungeon, and saw 46 of its levels.
You visited the Abyss 1 time.

You collected 6661 gold pieces.
You spent 1076 gold pieces at shops.

Inventory:

Hand Weapons
 a - a +8 broad axe of flaming
 b - a +6 heavy war axe (weapon)
Missiles
 j - 68 poisoned darts (quivered)
Armour
 k - the +3 pair of seven-league boots (worn) {Rampage+∞}
   (You found it on level 1 of the Depths)

   Its wearer moves as far as possible in that direction when moving towards
   enemies.
 q - a +7 plate armour (worn)
 R - a +2 pair of gloves of infusion
 S - a +2 cloak of poison resistance (worn)
 V - the +2 kite shield "Addum" {Will++}
   (Okawaru gifted it to you on level 11 of the Dungeon)

   Will:      It greatly increases your willpower.
 X - the +10 tower shield of Ignorance (worn) {rN+ Int-4}
   (You found it on level 3 of the Elven Halls)

   Int:       It affects your intelligence (-4).
   rN:        It protects you from negative energy.
 Y - the +2 hat of Zumn (worn) {rElec Dex+3}
   (You found it on level 1 of the Lair of Beasts)

   Dex:       It affects your dexterity (+3).
   rElec:     It insulates you from electricity.
Jewellery
 g - a ring of protection from fire
 i - a ring of resist corrosion
 r - a ring of flight
 A - a +6 ring of strength (left hand)
 E - a +5 ring of evasion
 K - the amulet of Resul (around neck) {Regen+ Dex+3}
   (You found it on level 1 of the Orcish Mines)

   [amulet of regeneration]

   Dex:       It affects your dexterity (+3).
   Regen:     It increases your rate of health regeneration.
 O - the ring "Qotarr" (right hand) {*Corrode rC+ Str+6 Int+3}
   (You bought it in a shop on level 1 of the Snake Pit)

   [ring of strength]

   Str:       It affects your strength (+6).
   Int:       It affects your intelligence (+3).
   rC:        It protects you from cold.
   *Corrode:  It may corrode you when you take damage.
 Q - the ring "Tujuibot" {rC+ Will+ rCorr}
   (You found it on level 5 of the Vaults)

   [ring of willpower]

   rC:        It protects you from cold.
   rCorr:     It protects you from acid and corrosion.
   Will:      It increases your willpower.
 U - a ring of protection from cold
 W - a ring of magical power
Wands
 n - a wand of quicksilver (20)
 o - a wand of mindburst (36)
 p - a wand of iceblast (45)
 y - a wand of polymorph (28)
 F - a wand of paralysis (26)
 L - a wand of flame (62)
 P - a wand of digging (5)
Scrolls
 c - 6 scrolls of fog
 f - 29 scrolls of identify
 h - 3 scrolls of silence
 l - 5 scrolls of immolation
 m - 13 scrolls of fear
 s - 18 scrolls of teleportation
 u - 10 scrolls of blinking
 v - 2 scrolls of magic mapping
 Z - 6 scrolls of poison
Potions
 d - 15 potions of curing
 e - 3 potions of mutation
 w - 8 potions of attraction
 x - 11 potions of heal wounds
 z - 9 potions of brilliance
 B - 5 potions of lignification
 C - 4 potions of haste
 D - 3 potions of berserk rage
 G - 3 potions of might
 H - 2 potions of cancellation
 J - a potion of invisibility
 M - 8 potions of ambrosia
 N - 4 potions of resistance
 T - 8 potions of flight
Miscellaneous
 I - a lightning rod (4/4)


   Skills:
 + Level 23.9 Fighting
 + Level 23.1 Axes
 + Level 8.0 Throwing
 + Level 20.1 Armour
 + Level 18.3 Dodging
 - Level 10.0 Stealth
 + Level 20.0 Shields
 - Level 6.0 Translocations
 - Level 12.0 Invocations


You had 19 spell levels left.
You knew the following spells:

 Your Spells              Type           Power      Damage    Failure   Level
a - Manifold Assault      Tloc           2%         N/A       97%         4

Your spell library contained the following spells:

 Spells                   Type           Power      Damage    Failure   Level
 Apportation              Tloc           4%         N/A       30%         1
 Gell's Gravitas          Tloc           2%         N/A       67%         3
 Lesser Beckoning         Tloc           4%         N/A       67%         3
 Teleport Other           Tloc           2%         N/A       67%         3
 Portal Projectile        Hex/Tloc       2%         N/A       97%         3
 Beastly Appendage        Tmut           0%         N/A       98%         1
 Foxfire                  Conj/Fire      0%         2x1d4     98%         1
 Kiss of Death            Conj/Necr      0%         2d5       98%         1
 Magic Dart               Conj           0%         1d3       98%         1
 Sandblast                Erth           0%         2d4       98%         1
 Sting                    Tmut/Pois      0%         1d3       98%         1
 Ensorcelled Hibernation  Hex/Ice        0%         N/A       99%         2
 Passwall                 Tmut/Erth      0%         N/A       99%         2
 Poisonous Vapours        Pois/Air       0%         N/A       99%         2
 Sublimation of Blood     Necr           0%         N/A       99%         2
 Wereblood                Tmut           0%         N/A       99%         2
 Kindle Blastsparks       Fire/Tloc/Air  0%         2d10      99%         3
 Confusing Touch          Hex            0%         N/A       100%        3
 Dazzling Flash           Conj/Hex       0%         N/A       100%        3
 Frozen Ramparts          Ice            0%         1d1       100%        3
 Inner Flame              Hex/Fire       0%         N/A       100%        3
 Mephitic Cloud           Conj/Pois/Air  0%         N/A       100%        3
 Ozocubu's Armour         Ice            0%         N/A       100%        3
 Spider Form              Tmut/Pois      0%         N/A       100%        3
 Anguish                  Hex/Necr       0%         N/A       100%        4
 Cause Fear               Hex            0%         N/A       100%        4
 Dispel Undead            Necr           0%         3d6       100%        4
 Flame Wave               Conj/Fire      0%         2d4       100%        4
 Fulminant Prism          Conj/Hex       0%         3d5       100%        4
 Ice Form                 Ice/Tmut       0%         N/A       100%        4
 Iskenderun's Mystic Bla  Conj/Tloc      1%         2d3       100%        4
 Leda's Liquefaction      Hex/Erth       0%         N/A       100%        4
 Olgreb's Toxic Radiance  Pois           0%         N/A       100%        4
 Petrify                  Tmut/Erth      0%         N/A       100%        4
 Sticky Flame             Conj/Fire      0%         2d3       100%        4
 Agony                    Necr           0%         N/A       100%        5
 Alistair's Intoxication  Tmut/Pois      0%         N/A       100%        5
 Borgnjor's Vile Clutch   Necr/Erth      0%         N/A       100%        5
 Irradiate                Conj/Tmut      0%         3d11      100%        5
 Lee's Rapid Deconstruct  Erth           0%         3d4*      100%        5
 Silence                  Hex/Air        0%         N/A       100%        5
 Dispersal                Tloc           1%         N/A       100%        6
 Eringya's Noxious Bog    Tmut/Pois      0%         N/A       100%        6
 Starburst                Conj/Fire      0%         6d3       100%        6
 Statue Form              Tmut/Erth      0%         N/A       100%        6
 Orb of Destruction       Conj           0%         9d5       100%        7
 Ozocubu's Refrigeration  Ice            0%         4d7       100%        7
 Discord                  Hex            0%         N/A       100%        8
 Disjunction              Tloc           1%         N/A       100%        8
 Shatter                  Erth           0%         3d5*      100%        9
 Call Imp                 Summ           Unusable   N/A       N/A         2
 Call Canine Familiar     Summ           Unusable   N/A       N/A         3
 Summon Guardian Golem    Hex/Summ       Unusable   N/A       N/A         3
 Summon Ice Beast         Ice/Summ       Unusable   N/A       N/A         4
 Spellforged Servitor     Conj/Summ      Unusable   N/A       N/A         7

Dungeon Overview and Level Annotations

Branches:
Dungeon (15/15)            Temple (1/1) D:7            Lair (5/5) D:8
  Swamp (4/4) Lair:3        Snake (4/4) Lair:2        Slime (3/5) Lair:5
    Orc (2/2) D:12            Elf (3/3) Orc:2        Vaults (5/5) D:14
  Crypt (0/3) Vaults:3     Depths (4/4) D:15            Zot (0/5) Depths:4

Altars:
Ashenzari
Cheibriados
Dithmenos
Elyvilon
Fedhas
Gozag
Hepliaklqana
Kikubaaqudgha
Makhleb
Nemelex Xobeh
Okawaru
Qazlal
Ru
Sif Muna
Trog
Uskayaw
Vehumet
Wu Jian
Xom
Yredelemnul
Zin
The Shining One

Shops:
D:6 [   Orc:2 [=!(   Elf:2 [   Elf:3 !   Snake:1 [(=   Snake:4 *   Vaults:2 (
Vaults:4 =   Vaults:5 ?   Depths:3 *

Portals:
Hell: Depths:1 Depths:2 Depths:3 Depths:4
Abyss: Depths:3
Pandemonium: Depths:2
Ziggurat: Depths:2
Trove: Vaults:2 (give +2 shadow dragon scales)


Innate Abilities, Weirdness & Mutations

You have a pair of horns on your head.
You reflexively headbutt those who attack you in melee.
Your body sometimes deteriorates upon taking damage.
You are dopey. (Int -2)
Potions are less effective at restoring your health.
You occasionally lose the ability to drink potions when taking damage.
You have hidden genetic defects.


Message History

The titanic slime creature hits you but does no damage.
The very large slime creature hits you.
* * * LOW HITPOINT WARNING * * *
A very large slime creature splits.
The slime creature hits you but does no damage. x2
You barely miss the titanic slime creature.
You headbutt the titanic slime creature!!
The titanic slime creature is almost dead.
You slice the slime creature!!
You kill the slime creature!
Okawaru accepts your kill.
You hit the eye of devastation but do no damage.
You open the large slime creature like a pillowcase!!!
You kill the large slime creature!
Okawaru accepts your kill.
You hit the very large slime creature. You slice the slime creature!! x2
You kill the slime creature!
Okawaru accepts your kill. The golden eye blinks at you.
You easily resist.
A titanic slime creature splits.
The very large slime creature hits you!!
* * * LOW HITPOINT WARNING * * *
Your corrosive artefact corrodes you!
The slime creature hits you but does no damage.
The golden eye blinks at you. You resist with some effort.
You cannot drink potions in your current state!
You carve the very large slime creature like a ham!!!
You kill the very large slime creature!
Okawaru accepts your kill.
You hit the eye of devastation.
You chop the large slime creature into pieces!!!
You kill the large slime creature!
Okawaru accepts your kill.
You barely miss the very large slime creature.
You slash the slime creature!
You kill the slime creature!
Okawaru accepts your kill.
The very large slime creature hits you!!!
You die...

#.....................#.#.....
...##.......................#....
...##.##...................(.....
...............>..........#.#....
....#.##.....................#..#
....##....................<.....#
............................##.##
#..........#...J.G...#......# ..#
......#.........@..........## ##
...>.........G..........#..
......#...............##...
......................# #..
.......................# .
.........#.....#.......#
.........###..##......#..
.........##...###....###.#
........####.## ......# ##


You could see a very large slime creature, an eye of devastation and a golden
eye.

Vanquished Creatures
  A dread lich (Vaults:5)
  Sojobo (Vaults:5)
  the Lernaean hydra (Swamp:4)
  Xtahua (Depths:2)
  A golden dragon (Vaults:5)
  Nikola (Snake:1)
  A bone dragon (Depths:4)
  Jorgrun (Orc:1)
  6 tentacled monstrosities
  3 liches
  6 deep elf blademasters
  2 deep elf master archers (Elf:3)
  4 acid blobs
  A tentacled starspawn (Abyss:3)
  A quicksilver dragon (Depths:3)
  4 titans (Vaults:5)
  8 sphinxes
  Agnes (Elf:2)
  5 shadow dragons
  Frances (Swamp:2)
  The ghost of OTABOTABOTAB the Eclecticist, an adept DECj of Vehumet (Elf:3)
  Donald (Orc:2)
  7 tengu reavers
  The ghost of themarg the Martial Artist, an adept GnTm of Gozag (Snake:2)
  2 azure jellies (Slime:3)
  5 fire giants
  5 storm dragons
  2 rockslimes
  An azure jelly (shapeshifter) (Vaults:5)
  12 frost giants
  4 nagarajas
  Roxanne (Snake:3)
  8 deep elf sorcerers (Elf:3)
  2 balrugs (Depths:2)
  16 vault wardens
  2 iron dragons
  Aizul (Depths:2)
  A draconian scorcher (Depths:4)
  2 orc warlords
  2 war gargoyles
  3 deep elf elementalists
  17 ironbound preservers
  7 stone giants
  A quicksilver ooze (Slime:1)
  3 ironbound thunderhulks
  A white draconian (Depths:4)
  The ghost of ShnitzelX3 the Covert, a journeyman VSBe of Trog (Snake:3)
  23 very ugly things
  3 vampire knights
  Nessos (Orc:2)
  4 eleionomae
  2 yellow draconians (Depths:4)
  6 deep elf demonologists
  Azrael (Elf:2)
  3 bunyips
  3 purple draconians (Depths:4)
  2 red draconians (Depths:4)
  4 deep elf annihilators
  The ghost of avis the Nimble, a journeyman DgIE (Orc:1)
  2 green deaths (Snake:1)
  10 ettins
  Snorg (D:13)
  7 deep elf death magi
  A merfolk impaler (Depths:2)
  The ghost of Cancer the Thaumaturge, a journeyman DsCj of Vehumet (Lair:1)
  10 fire dragons
  A shambling mangrove (Swamp:1)
  8 yaktaur captains
  4 entropy weavers
  3 deep elf high priests
  39 vault guards
  7 rakshasas
  8 ice dragons
  A spriggan air mage (Depths:1)
  9 great orbs of eyes
  2 salamander tyrants (Snake:4)
  2 ogre magi (Vaults:5)
  18 hydras
  7 anacondas
  13 ironbound frosthearts
  A two-headed ogre (shapeshifter) (Vaults:5)
  17 centaur warriors
  7 ghost crabs
  4 catoblepae
  14 naga warriors
  8 alligators
  8 two-headed ogres
  4 boulder beetles
  26 dancing weapons
  6 deep troll shamans
  2 spriggan berserkers
  A thrashing horror (Depths:1)
  3 tengu warriors
  7 deep troll earth magi
  A vampire mage (Depths:3)
  10 shock serpents
  Urug (D:13)
  3 death yaks (Lair:5)
  11 naga sharpshooters
  4 orc high priests
  8 spriggans
  9 hell knights
  6 fire crabs (Lair:3)
  A wretched star (Abyss:3)
  10 deep elf knights
  A sun demon (Abyss:3)
  3 iron trolls
  Amaemon (Lair:3)
  2 goliath frogs (Swamp:3)
  3 skeletal warriors (D:13)
  49 deep trolls
  2 sea snakes (Snake:4)
  6 bog bodies
  4 spriggan druids
  9 swamp dragons
  Lodul (D:13)
  5 glowing orange brains
  4 flayed ghosts
  8 naga ritualists
  11 deep elf archers
  A phantasmal warrior (Vaults:5)
  6 necromancers
  9 wizards
  6 lindwurms
  15 ironbound convokers
  5 harpies (Vaults:1)
  5 shining eyes (Slime:3)
  31 deep elf zephyrmancers
  10 orc knights
  27 deep elf pyromancers
  2 oklob plants (Lair:5)
  6 will-o-the-wisps
  3 manticores (D:11)
  8 mana vipers
  5 orc sorcerers (Orc:2)
  18 salamanders
  3 cyclopes
  53 ugly things
  2 moths of wrath
  22 black mambas
  2 black mambas (shapeshifter)
  Joseph (D:7)
  5 guardian serpents
  15 vault sentinels
  A centaur zombie (D:15)
  17 naga magi
  38 elephants
  An apocalypse crab (Lair:3)
  An orange demon (Lair:3)
  3 gargoyles
  A demonic crawler (Abyss:3)
  A molten gargoyle (Depths:3)
  An unseen horror (D:10)
  14 cane toads
  3 torpor snails
  7 kobold demonologists
  An unseen horror (shapeshifter) (Elf:1)
  35 yaktaurs
  Maggie (D:7)
  3 rime drakes
  6 tengu conjurers
  15 komodo dragons
  8 freezing wraiths
  An efreet (D:15)
  A queen bee (D:14)
  7 polar bears
  3 meliai (D:14)
  7 trolls
  A wolf spider simulacrum (D:15)
  7 hornets
  8 blink frogs
  A tarantella (shapeshifter) (Vaults:5)
  A tarantella (Vaults:4)
  10 tyrant leeches
  12 dream sheep (Lair:4)
  A spectral orc (Orc:1)
  A slime creature (shapeshifter) (Vaults:5)
  56 slime creatures
  A jumping spider (shapeshifter) (Vaults:5)
  A centaur simulacrum (D:15)
  2 shadows (D:11)
  A wyvern (shapeshifter) (Elf:1)
  A vampire (D:9)
  7 water elementals
  4 air elementals
  3 wraiths
  58 yaks
  3 wyverns
  A steam dragon (shapeshifter) (Vaults:5)
  5 basilisks
  8 fire elementals (Elf:2)
  8 golden eyes
  2 redbacks (Vaults:4)
  16 vampire mosquitoes
  46 nagas
  14 swamp worms
  A swamp worm (shapeshifter) (Vaults:5)
  2 hell hounds (Elf:2)
  2 wargs
  An acid dragon (D:11)
  11 water moccasins
  Duvessa (D:7)
  A spectral troll (Orc:1)
  A floating eye (Slime:3)
  23 orc warriors
  8 swamp drakes
  2 sky beasts
  4 black bears
  16 ogres
  4 ice beasts
  6 centaurs
  9 wolves (Lair:5)
  A phantom (D:7)
  5 kobold brigands
  18 bullfrogs
  A scorpion (D:8)
  3 earth elementals
  3 necrophages
  11 wights
  Dowan (D:7)
  2 small abominations
  27 killer bees
  5 howler monkeys
  4 electric eels
  2 hounds
  22 orc priests
  A starcursed mass (Depths:1)
  A gnoll bouda (D:6)
  5 iguanas
  Ijyb (D:3)
  Terence (D:3)
  17 orc wizards
  A troll simulacrum (Orc:1)
  A boggart zombie (D:15)
  7 adders
  14 gnolls
  A shadow imp (D:6)
  A white imp (D:6)
  An ufetubus (D:6)
  4 orc simulacra (Orc:1)
  A worm (D:3)
  3 dart slugs
  76 orcs
  A bat (D:3)
  2 endoplasms
  4 giant cockroaches
  5 goblins
  8 hobgoblins
  2 jackals (D:2)
  14 kobolds
  A quokka (D:4)
  6 ball pythons
  3 frilled lizards
  5 rats
  A starspawn tentacle (Abyss:3)
1747 creatures vanquished.

Vanquished Creatures (others)
  A fire giant (Vaults:5)
  A deep elf knight (Elf:2)
  3 wizards
  A bloated husk (Swamp:1)
  A hell hound (Elf:2)
  An orc priest (Orc:2)
  An orc wizard (D:6)
  38 foxfires
  52 fungi
  89 plants
  2 starspawn tentacles (Abyss:3)
190 creatures vanquished.

Grand Total: 1937 creatures vanquished

Notes
Turn   | Place    | Note
-------+----------+-------------------------------------------
     0 | D:1      | mandoloar the Minotaur Fighter began the quest for the Orb.
     0 | D:1      | Reached XP level 1. HP: 19/19 MP: 0/0
   490 | D:1      | Reached XP level 2. HP: 27/27 MP: 1/1
   516 | D:1      | You fall into a shaft and drop 1 floor!
  1079 | D:2      | Found a sacrificial altar of Ru.
  1321 | D:2      | Found a faded altar of an unknown god.
  1413 | D:2      | Reached XP level 3. HP: 33/33 MP: 2/2
  1995 | D:3      | Reached XP level 4. HP: 30/41 MP: 3/3
  2391 | D:3      | Reached skill level 5 in Axes
  3122 | D:3      | Noticed Terence
  3146 | D:3      | Killed Terence
  3147 | D:3      | Reached XP level 5. HP: 47/47 MP: 4/4
  3385 | D:3      | Noticed Ijyb
  3404 | D:3      | Killed Ijyb
  3405 | D:3      | Reached skill level 5 in Fighting
  3825 | D:4      | Reached XP level 6. HP: 47/56 MP: 5/5
  4777 | D:4      | Reached XP level 7. HP: 32/63 MP: 6/6
  5372 | D:5      | Entered Level 5 of the Dungeon
  7606 | D:6      | Reached XP level 8. HP: 73/73 MP: 7/7
  7786 | D:6      | Reached skill level 10 in Axes
  7972 | D:6      | Found Axaq's Armour Shop.
  8723 | D:6      | Noticed a troll
  8737 | D:6      | Killed a troll
  9358 | D:7      | Reached XP level 9. HP: 73/83 MP: 8/8
  9683 | D:7      | Found a staircase to the Ecumenical Temple.
  9694 | Temple   | Entered the Ecumenical Temple
  9726 | Temple   | Became a worshipper of Warmaster Okawaru
  9925 | D:7      | Noticed Maggie
  9936 | D:7      | Killed Maggie
 10288 | D:7      | Paralysed by a hornet for 3 turns
 10291 | D:7      | Reached * piety under Okawaru
 10630 | D:7      | Reached skill level 10 in Fighting
 10702 | D:7      | Noticed Joseph
 10727 | D:7      | Killed Joseph
 11014 | D:7      | Noticed Duvessa
 11014 | D:7      | Noticed Dowan
 11022 | D:7      | Killed Duvessa
 11030 | D:7      | Killed Dowan
 11723 | D:8      | Reached ** piety under Okawaru
 11724 | D:8      | Reached XP level 10. HP: 93/94 MP: 9/9
 12155 | D:8      | Noticed a two-headed ogre
 12165 | D:8      | Killed a two-headed ogre
 12389 | D:8      | Found a staircase to the Lair.
 12585 | D:8      | Reached *** piety under Okawaru
 12651 | D:8      | Reached skill level 15 in Axes
 12955 | D:9      | Found a flagged portal.
 13322 | D:9      | Reached **** piety under Okawaru
 13337 | D:9      | Noticed a two-headed ogre
 13348 | D:9      | Killed a two-headed ogre
 13556 | D:9      | Noticed a two-headed ogre
 13562 | D:9      | Killed a two-headed ogre
 13563 | D:9      | Reached skill level 1 in Dodging
 13733 | D:9      | Reached skill level 1 in Stealth
 13759 | D:9      | Found an ancient bone altar of Kikubaaqudgha.
 13966 | D:10     | Entered Level 10 of the Dungeon
 14079 | D:10     | Reached XP level 11. HP: 51/104 MP: 10/10
 14336 | D:10     | Found a radiant altar of Vehumet.
 14336 | D:10     | Noticed a two-headed ogre
 14345 | D:10     | Killed a two-headed ogre
 14732 | D:10     | Noticed a two-headed ogre
 14742 | D:10     | Killed a two-headed ogre
 14742 | D:10     | Reached ***** piety under Okawaru
 14903 | D:10     | Reached skill level 5 in Armour
 14907 | D:10     | Reached skill level 5 in Shields
 15075 | D:10     | Found a shimmering altar of Xom.
 15666 | Lair:1   | Entered Level 1 of the Lair of Beasts
 15781 | Lair:1   | Received a gift from Okawaru
 15863 | Lair:1   | Found a transporter.
 16229 | Lair:1   | Noticed a catoblepas
 16393 | Lair:1   | Found a transporter.
 16396 | Lair:1   | Noticed Cancer's ghost (journeyman DsCj)
 16638 | Lair:1   | Killed a catoblepas
 16638 | Lair:1   | Received a gift from Okawaru
 17389 | Lair:2   | Reached ****** piety under Okawaru
 17494 | Lair:2   | Found a staircase to the Snake Pit.
 17509 | Lair:2   | Reached XP level 12. HP: 115/115 MP: 11/11
 17583 | Lair:2   | Noticed a four-headed hydra
 17595 | Lair:2   | Killed a two-headed hydra
 18318 | Lair:2   | Received a gift from Okawaru
 18984 | Lair:2   | Reached skill level 15 in Fighting
 19460 | Lair:3   | Found a staircase to the Swamp.
 19464 | Lair:3   | Identified the +0 helmet "Jeitu" {Harm rF+}
 19574 | Lair:3   | Found a runed translucent door.
 19626 | Lair:3   | Received a gift from Okawaru
 19797 | Lair:3   | Noticed Amaemon
 20330 | Lair:3   | Killed Amaemon
 20432 | Lair:3   | Reached skill level 5 in Dodging
 20437 | Lair:3   | Reached XP level 13. HP: 99/128 MP: 12/12
 21214 | Lair:3   | Received a gift from Okawaru
 22472 | Lair:3   | Reached skill level 5 in Stealth
 23090 | Lair:3   | Received a gift from Okawaru
 24811 | Lair:4   | Received a gift from Okawaru
 25471 | Lair:4   | Reached XP level 14. HP: 138/138 MP: 13/13
 25573 | Lair:4   | Found a runed translucent door.
 26255 | Lair:4   | Got Sif Muna's Tome of Injurious Toxicants
 26294 | Lair:5   | Entered Level 5 of the Lair of Beasts
 26690 | Lair:5   | Identified the +3 hat of Vairy {rPois} (Okawaru gifted it
                  | to you on level 5 of the Lair of Beasts)
 26690 | Lair:5   | Received a gift from Okawaru
 27356 | Lair:5   | Reached skill level 10 in Armour
 27397 | Lair:5   | Reached skill level 10 in Shields
 27498 | Lair:5   | Found a staircase to the Slime Pits.
 29205 | Lair:1   | Killed Cancer's ghost
 29374 | Lair:1   | Identified the +2 hat of Zumn {rElec Dex+3}
 30002 | D:11     | Identified the +2 kite shield "Addum" {Will++} (Okawaru
                  | gifted it to you on level 11 of the Dungeon)
 30002 | D:11     | Received a gift from Okawaru
 30012 | D:11     | Reached XP level 15. HP: 145/148 MP: 14/14
 31285 | D:12     | Found a staircase to the Orcish Mines.
 31833 | D:13     | Noticed Lodul
 31854 | D:13     | Killed Lodul
 31871 | D:13     | Reached skill level 10 in Dodging
 31893 | D:13     | Noticed Urug
 31906 | D:13     | Killed Urug
 32053 | D:13     | Noticed Snorg
 32066 | D:13     | Killed Snorg
 33632 | D:14     | Received a gift from Okawaru
 33632 | D:14     | Found the +8 frozen axe "Frostbite" {freeze, freezing
                  | cloud, *Noise Fly rC+}
 34117 | D:14     | Found a gate to the Vaults.
 34260 | D:15     | Entered Level 15 of the Dungeon
 34979 | D:15     | Identified the +1 pair of boots of the Game of Kings {*Slow
                  | rN++ rCorr} (Okawaru gifted it to you on level 15 of the
                  | Dungeon)
 34979 | D:15     | Received a gift from Okawaru
 35071 | D:15     | Found a staircase to the Depths.
 35186 | D:15     | Reached XP level 16. HP: 149/159 MP: 15/15
 35722 | Orc:1    | Entered Level 1 of the Orcish Mines
 35898 | Orc:1    | Noticed Jorgrun
 35933 | Orc:1    | Killed Jorgrun
 36002 | Orc:1    | Found a runed translucent gate.
 36056 | Orc:1    | Found a runed translucent gate.
 36057 | Orc:1    | Found a runed translucent gate.
 36222 | Orc:1    | Noticed avis's ghost (journeyman DgIE)
 36335 | Orc:1    | Killed avis's ghost
 36480 | Orc:1    | Identified the amulet of Resul {Regen+ Dex+3}
 36546 | Orc:2    | Entered Level 2 of the Orcish Mines
 36548 | Orc:2    | Found a staircase to the Elven Halls.
 36628 | Orc:2    | Noticed Nessos
 36657 | Orc:2    | Killed Nessos
 36973 | Orc:2    | Noticed Donald
 36986 | Orc:2    | Killed Donald
 37351 | Orc:2    | Found Unej's Antique Weapon Emporium.
 37351 | Orc:2    | Found Wyum's Distillery.
 37368 | Orc:2    | Found Taederch's Jewellery Shop.
 37368 | Orc:2    | Found Zatimiz's Antique Armour Shop.
 37398 | Orc:2    | Bought a +5 ring of evasion for 468 gold pieces
 37670 | Swamp:1  | Entered Level 1 of the Swamp
 37675 | Lair:3   | Upgraded the game from 0.30-a0-613-gdd512c7efb to
                  | 0.30-a0-618-gd6c86c23d0
 38501 | Swamp:1  | Reached skill level 1 in Invocations
 39308 | Swamp:2  | Noticed Frances
 39358 | Swamp:2  | Killed Frances
 39740 | Swamp:2  | Received a gift from Okawaru
 41107 | Swamp:3  | Identified the +4 sling "Redol" {flame, SInv}
 41358 | Swamp:4  | Entered Level 4 of the Swamp
 41683 | Swamp:4  | Identified the +8 halberd of Megalomania {pain, rPois}
 41775 | Swamp:4  | Identified the +4 broad axe of Cataclysm {venom, rPois rN+
                  | Int-3} (Okawaru gifted it to you on level 4 of the Swamp)
 41775 | Swamp:4  | Received a gift from Okawaru
 41874 | Swamp:4  | Reached XP level 17. HP: 165/168 MP: 18/18
 41994 | Swamp:4  | Noticed the 27-headed Lernaean hydra
 42009 | Swamp:4  | Killed the 23-headed Lernaean hydra
 42854 | Swamp:4  | Received a gift from Okawaru
 42969 | Swamp:4  | Reached XP level 18. HP: 178/178 MP: 20/20
 43006 | Swamp:4  | Got a decaying rune of Zot
 43410 | Snake:1  | Entered Level 1 of the Snake Pit
 43410 | Snake:1  | Noticed Nikola
 43423 | Snake:1  | Killed Nikola
 44048 | Snake:1  | You fall into a shaft and drop 1 floor!
 44083 | Snake:2  | Reached skill level 5 in Invocations
 44539 | Snake:1  | Found a runed translucent door.
 44692 | Snake:1  | Found Guwkur's Jewellery Shop.
 44694 | Snake:1  | Found Dasmemp's Weapon Boutique.
 44697 | Snake:1  | Found Teciapnu's Armour Shop.
 44708 | Snake:1  | Bought the ring "Qotarr" {*Corrode rC+ Str+6 Int+3} for 608
                  | gold pieces
 44829 | Snake:1  | Identified the +9 shortbow of the Thieving Gods {speed,
                  | Int+3}
 45527 | Snake:1  | Received a gift from Okawaru
 46281 | Snake:2  | Identified a scroll of acquirement
 46282 | Snake:2  | Acquired a +2 tower shield of reflection
 46977 | Snake:2  | Found a runed translucent door.
 47145 | Snake:2  | Found a sacrificial altar of Ru.
 47213 | Snake:2  | Noticed themarg's ghost (adept GnTm)
 47224 | Snake:2  | Killed themarg's ghost
 47327 | Snake:3  | Noticed ShnitzelX3's ghost (journeyman VSBe)
 47532 | Snake:3  | Found a runed translucent gate.
 47587 | Snake:3  | Found a runed translucent gate.
 47589 | Snake:3  | Found a runed translucent gate.
 47630 | Snake:3  | Reached skill level 15 in Armour
 47784 | Snake:3  | Reached skill level 15 in Shields
 47963 | Snake:3  | Learned a level 4 spell: Manifold Assault
 47984 | Snake:3  | Received a gift from Okawaru
 48082 | Snake:3  | Identified Roxanne's Tome of the Mesa
 48082 | Snake:3  | Noticed Roxanne
 48456 | Snake:3  | Reached skill level 1 in Translocations
 48456 | Snake:3  | Reached XP level 19. HP: 58/187 MP: 14/23
 48806 | Snake:3  | Killed ShnitzelX3's ghost
 48873 | Snake:4  | Entered Level 4 of the Snake Pit
 48934 | Snake:3  | Killed Roxanne
 49005 | Snake:4  | Found a frozen archway.
 49127 | Snake:4  | Found Vidabefu's General Store.
 50044 | Snake:4  | Reached skill level 10 in Stealth
 50367 | Snake:4  | Got a serpentine rune of Zot
 50832 | Vaults:1 | Entered Level 1 of the Vaults
 52286 | Vaults:1 | Identified the +3 halberd of Neurosis {flame, rN+ rCorr}
                  | (Okawaru gifted it to you on level 1 of the Vaults)
 52286 | Vaults:1 | Received a gift from Okawaru
 53054 | Vaults:1 | Received a gift from Okawaru
 53882 | Vaults:1 | Reached XP level 20. HP: 198/198 MP: 25/25
 54698 | Vaults:2 | Found Mejub's Antique Weapon Shoppe.
 54858 | Vaults:2 | Found a portal to a secret trove of treasure.
 56026 | Vaults:3 | Identified the +7 falchion of Hubris {flame, Will+}
                  | (Okawaru gifted it to you on level 3 of the Vaults)
 56026 | Vaults:3 | Received a gift from Okawaru
 56513 | Vaults:3 | Reached skill level 15 in Dodging
 56986 | Vaults:3 | Found a staircase to the Crypt.
 56986 | Vaults:3 | Found an ancient bone altar of Kikubaaqudgha.
 56986 | Vaults:3 | Found a basalt altar of Yredelemnul.
 58586 | Vaults:4 | Reached skill level 5 in Translocations
 59237 | Vaults:4 | Received a gift from Okawaru
 59313 | Vaults:4 | Paralysed by a sphinx for 2 turns
 59831 | Vaults:4 | Found Bidetz's Jewellery Shop.
 61013 | Elf:1    | Entered Level 1 of the Elven Halls
 61164 | Elf:1    | Reached XP level 21. HP: 206/206 MP: 27/27
 63012 | Elf:1    | Paralysed by an air elemental for 1 turns
 63018 | Elf:1    | Reached skill level 10 in Invocations
 63853 | Elf:2    | Found Kelono's Antique Armour Emporium.
 64387 | Elf:2    | Found a runed translucent gate.
 64389 | Elf:2    | Found a runed translucent gate.
 64389 | Elf:2    | Found a runed translucent gate.
 64694 | Elf:2    | Received a gift from Okawaru
 64707 | Elf:2    | Identified the +7 rapier "Baommeeg" {freeze, rC+ MP+9 Int+3
                  | Dex+3}
 65056 | Elf:2    | Noticed Agnes
 65094 | Elf:2    | Killed Agnes
 65523 | Elf:2    | Noticed Azrael
 65556 | Elf:2    | Killed Azrael
 66073 | Elf:3    | Entered Level 3 of the Elven Halls
 66995 | Elf:3    | Identified the +7 glaive of Anger {protect, Contam Dex+7}
 67277 | Elf:3    | Found a radiant altar of Vehumet.
 67291 | Elf:3    | Paralysed by an air elemental for 1 turns
 67600 | Elf:3    | Identified the +8 mace "Anahoe" {freeze, rElec Int-5 SInv}
 68040 | Elf:3    | Identified the +1 morningstar of Domination {antimagic,
                  | Contam rC+++ Int+3}
 68040 | Elf:3    | Identified the ring "Put-Me-On" {Wiz Dex+3}
 68227 | Elf:3    | Found a transporter.
 68227 | Elf:3    | Found a transporter.
 68233 | Elf:3    | Found a bloodstained altar of Trog.
 68286 | Elf:3    | Noticed OTABOTABOTAB's ghost (adept DECj)
 68290 | Elf:3    | Found Ryggaitz's Distillery.
 68504 | Elf:3    | Identified the +3 glaive of Balance {spect, rC- Will++}
 68803 | Elf:3    | Found the +10 tower shield of Ignorance {rN+ Int-4}
 69011 | Elf:3    | Identified the +5 ring mail of the Guardian {rPois MP-9
                  | Str+2 Dex+2}
 69292 | Elf:3    | Killed OTABOTABOTAB's ghost
 69352 | Elf:3    | Identified the +6 war axe "Tuefoe" {flame, Stlth+}
 69683 | Depths:1 | Entered Level 1 of the Depths
 69837 | Abyss:2  | Cast into level 2 of the Abyss (a wizard)
 69928 | Abyss:3  | Received a gift from Okawaru
 69974 | Depths:1 | Escaped the Abyss
 69976 | Depths:1 | Reached XP level 22. HP: 195/216 MP: 29/29
 69983 | Depths:1 | Reached skill level 1 in Throwing
 70217 | Depths:1 | Found a gateway to Hell.
 71008 | Depths:1 | Found the +3 pair of seven-league boots {Rampage+∞}
 71315 | Depths:2 | Found a sparkling altar of Nemelex Xobeh.
 71327 | Depths:2 | You fall into a shaft and drop 1 floor!
 71370 | Depths:2 | Noticed Aizul
 71377 | Depths:2 | Killed Aizul
 71800 | Depths:2 | Received a gift from Okawaru
 71932 | Depths:2 | Found a one-way gate leading to the halls of Pandemonium.
 71936 | Depths:2 | Found a one-way gateway to a ziggurat.
 73202 | Depths:3 | Noticed Xtahua
 73206 | Depths:3 | Identified the +0 robe of the Failed Coup {Harm Rampage
                  | Str+2 Stlth+} (Okawaru gifted it to you on level 3 of the
                  | Depths)
 73206 | Depths:3 | Received a gift from Okawaru
 73217 | Depths:3 | Paralysed by Xtahua for 3 turns
 73225 | Depths:2 | Killed Xtahua
 73678 | Depths:3 | Found Ataewkoi's Fire Supplies.
 74347 | Depths:3 | Found a one-way gate to the infinite horrors of the Abyss.
 75822 | Depths:4 | Entered Level 4 of the Depths
 76197 | Depths:4 | Reached skill level 5 in Throwing
 76768 | Depths:4 | Reached XP level 23. HP: 206/226 MP: 31/31
 76815 | Depths:4 | Found a gate to the Realm of Zot.
 77804 | Depths:4 | Received a gift from Okawaru
 78455 | Vaults:5 | Entered Level 5 of the Vaults
 78707 | Vaults:5 | Received a gift from Okawaru
 78764 | Vaults:5 | Noticed a dread lich
 78844 | Vaults:5 | Paralysed by a dread lich for 5 turns
 78851 | Vaults:5 | Killed a dread lich
 78851 | Vaults:5 | Received a gift from Okawaru
 78859 | Vaults:5 | Received a gift from Okawaru
 79093 | Vaults:5 | Identified the +4 scimitar "Afif Ocw" {heavy, rF+ Str+6
                  | Int-2}
 79542 | Vaults:5 | Noticed Sojobo
 79548 | Vaults:5 | Killed Sojobo
 79820 | Vaults:5 | Found Pary's Magic Scroll Shop.
 79828 | Vaults:5 | Identified the ring "Tujuibot" {rC+ Will+ rCorr}
 79960 | Vaults:5 | Identified the +8 great mace "Anialonies" {freeze, +Blink
                  | rPois Int+4 Dex+2}
 80032 | Vaults:5 | Identified the ring of Giuxta {Wiz rPois rN+}
 80038 | Vaults:5 | Got a silver rune of Zot
 80133 | Vaults:5 | Identified the +5 plate armour of the Orange Skies {rF-
                  | Int+4 Dex+3}
 80398 | Vaults:5 | Identified the +8 battleaxe "Zoogo" {freeze, rElec rC++}
 80407 | Vaults:5 | Identified the +6 hand axe "Meino" {heavy, rF+ MP+9}
 81415 | Slime:1  | Entered Level 1 of the Pits of Slime
 81551 | Slime:2  | Received a gift from Okawaru
 81874 | Slime:3  | Reached XP level 24. HP: 221/237 MP: 31/31
 82230 | Slime:3  | Gained mutation: You have hidden genetic defects. [a
                  | shining eye]
 82231 | Slime:3  | Gained mutation: Potions are less effective at restoring
                  | your health. [a shining eye]
 82299 | Slime:3  | Gained mutation: You occasionally lose the ability to drink
                  | potions when taking damage. [a shining eye]
 82301 | Slime:3  | Gained mutation: Your body sometimes deteriorates upon
                  | taking damage. [a shining eye]
 82305 | Slime:3  | Gained mutation: You are dopey. (Int -2) [a shining eye]
 82472 | Slime:3  | Annihilated by a very large slime creature

Illustrated notes

Levels and vault maps discovered:
D:1:      minmay_arrival_split_and_join, layout_basic
D:2:      layout_loops_ring, shapermc_ecumenical_altar_totnotflames, basic_altar
D:3:      layout_basic, uniq_ijyb, uniq_terence
D:4:      minmay_skewed_foursquare, layout_loops_cross,
          kennysheep_generic_room_6
D:5:      layout_layer_cave, kennysheep_minor_cross, minmay_misc_feat_x
D:6:      layout_basic, serial_shops, nicolae_shop_advertising_works
          [nicolae_subvault_shop_adworks]
D:7:      layout_loops_ring, minmay_temple_entry_overgrown,
          david_defended_altar_orc, uniq_duvessa, uniq_maggie, uniq_joseph
D:8:      layout_basic, grunt_lair_entry_orc_guard_hut
D:9:      layout_rooms, kiku_gazebo_pond_becter, serial_glass, glass_columns_a,
          glass_columns_a, glass_columns_b, glass_columns_c, glass_columns_a,
          glass_columns_a, enter_bailey_5
D:10:     layout_roguey, lemuel_coloured_pillars_altar,
          nicolae_vehumet_radiance, hellmonk_bongcloud_opening
D:11:     nzn_winding_woodlands_medium [nzn_winding_woodlands_5x5_cross,
          nzn_winding_woodlands_5x15_crooked,
          nzn_winding_woodlands_5x5_open_star,
          nzn_winding_woodlands_5x5_closed_star,
          nzn_winding_woodlands_center_lodge,
          nzn_winding_woodlands_5x5_checkerboard,
          nzn_winding_woodlands_5x5_three,
          nzn_winding_woodlands_5x15_pathside_ponds,
          nzn_winding_woodlands_5x5_perimeter], layout_rooms, serial_aquarium,
          aquarium_bridge_straight [aquarium_subvault_bridge,
          aquarium_subvault_window, aquarium_subvault_bridge,
          aquarium_subvault_wall], aquarium_window_1, aquarium_window_corner,
          aquarium_view_2f, aquarium_pool_2, nrook_pool_corridor,
          kennysheep_flooded_box
D:12:     layout_cave_pools, erik_orc_1
D:13:     layout_long_grid, uniq_snorg, uniq_urug, uniq_lodul
D:14:     layout_roguey [special_room_bee], david_vaults_1,
          minmay_misc_feat_enclosed, chequers_serial_rivers_small_b
D:15:     grunt_enter_depths_magical_seal, layout_loops_ring
Temple:   hellmonk_temple_of_storms
Lair:1:   layout_gridlike, gammafunk_ghost_berserking_beasts,
          gauntlet_entry_generic, infiniplex_staircase_pool_2,
          grunt_megastairs_2
Lair:2:   layout_hall_layers, guppyfry_snake_entry_garden,
          chequers_serial_rivers_small_b
Lair:3:   gammafunk_mikee_crab_dinner, layout_layer_cave,
          skrybe_swamp_entry_bodies, uniq_amaemon
Lair:4:   layout_regular_city, pf_torpor_hydra, grunt_megastairs_1
Lair:5:   grunt_lair_end_beastmaster, layout_misc_corridors,
          minmay_slime_entry_oklob_open, grunt_megastairs_4
Swamp:1:  layout_basic_swamp, evilmike_swamp_ruin_house_3,
          hangedman_swamp_diagram
Swamp:2:  nicolae_swamp_decorative_isthmus, layout_basic_swamp,
          nicolae_swamp_trees_clearing, infiniplex_staircase_pool, uniq_frances
Swamp:3:  layout_basic_swamp, evilmike_swamp_ruin_house_4, swamp_pool4
Swamp:4:  swamp_old_school, layout_basic_swamp
Snake:1:  cheibrodos_toxic_ritual, layout_layer_cave, minmay_shop_star,
          uniq_nikola
Snake:2:  layout_onion_interference, ebering_ghost_reflecting_pool, basic_altar,
          serial_bayou_shore_b
Snake:3:  layout_grid_shapes, gammafunk_ghost_split, uniq_roxanne
Snake:4:  minmay_snake_end_coiled, layout_misc_corridors, serial_shops,
          nicolae_shop_statue_plus, portal_ice_cave_entry_pillars_1,
          serial_bayou_shore_a
Slime:1:  layout_caves
Slime:2:  layout_caves
Slime:3:  layout_caves
Orc:1:    layout_caves, gammafunk_ghost_necromancy,
          nicolae_orc_flooded_monolith, mines2_lemuel, uniq_jorgrun
Orc:2:    st_orc_elflike, layout_caves, uniq_donald, uniq_nessos
Elf:1:    minmay_elf_arrival_plus, layout_onion_city, evilmike_minifort,
          lemuel_upstairs_altar, uniq_asterion
Elf:2:    nicolae_elf_blades_crystal_corner, layout_loops_corners, serial_shops,
          shop_statue, uniq_agnes, uniq_azrael
Elf:3:    minmay_elf_hall_statues, layout_onion_city, serial_shops,
          nicolae_shop_waterfront, basic_altar,
          gammafunk_ghost_wrathful_warriors
Vaults:1: v_misc_23, grunt_vaults_swirl, nicolae_vaults_fighting_squares,
          grunt_vaults_trifunnel, nicolae_vaults_big_ls,
          hangedman_vaults_corner, nicolae_vaults_rhombus_6, vaults_dpeg_ring,
          vaults_dpeg_emergency_exit, v_alt_pattern_2, layout_vaults_big_cross
Vaults:2: ontoclasm_vaults_eye, v_misc_26, hangedman_vaults_nails,
          nicolae_vaults_hallways_thing, ontoclasm_vaults_ring_square,
          hangedman_vaults_corner_blocks, nicolae_vaults_little_squares_2,
          nicolae_vaults_little_squares_3, v_misc_14, layout_vaults_omnibox,
          serial_shops, nicolae_shop_trees, enter_trove_5
Vaults:3: minmay_crypt_entry_necro_gods, vaults_room_ringed_pool, v_misc_8,
          nicolae_vaults_bisected_exclaves, vaults_room_door_ring,
          st_quartered_hall, grunt_vaults_twisty, v_misc_26,
          ontoclasm_vaults_shuriken, vaults_dpeg_hooks,
          nicolae_vaults_shelves_hall, layout_vaults_chaotic_city
Vaults:4: vaults_mumra_chevron_long, v_misc_12, ontoclasm_vaults_gateway,
          v_misc_12, v_misc_11, layout_vaults_omnigrid, serial_shops,
          nicolae_diamond_shop
Vaults:5: uniq_sojobo
Depths:1: layout_cave_shapes, hell_entry, minmay_misc_feat_five,
          nrook_mini_vaults, hangedman_decor_points, st_stairs_1,
          roderic_cross_of_infinity, hangedman_abyss_or_decor_clamps,
          grunt_ministairs_7, hellmonk_guarded_unrand_seven_league_boots
Depths:2: nicolae_moon_pools, layout_gridlike, enter_ziggurat_f,
          pf_dread_powers_of_hell, nemelex_xobeh_ov_fountains_minmay, pan_entry,
          minmay_staircase_windowed_small, serial_bayou_shore_b, uniq_aizul
Depths:3: minmay_slanted_spiral_squares, layout_cave_pools,
          marbit_kobold_abyss_entry, hangedman_abyss_or_decor_passed,
          grunt_metal_band, nicolae_shop_fire_sale [nicolae_sub_dead_trees],
          drop_trap, dk_noncrumbling_3, bh_walls_and_bars,
          infiniplex_staircase_trident, serial_bayou_shore_b, uniq_xtahua
Depths:4: grunt_twist_and_shout, layout_gridville, serial_rivers,
          chequers_serial_rivers_small_b, chequers_serial_rivers_small_3,
          chequers_serial_rivers_micro_e, chequers_serial_rivers_room_b,
          chequers_serial_rivers_marsh, grunt_hell_entry_dis_mu

Skill      XL: |  1  2  3  4  5  6  7  8  9 10 11 12 13 14 15 16 17 18 19 20 21 22 23 24 |
---------------+-------------------------------------------------------------------------+-----
Axes           | 3 4 5 6 7 9 11 14 16 18 19 20 21 22 23 | 23.1
Fighting       | 4 5 6 7 9 10 12 13 15 16 17 18 19 20 21 22 23 | 23.9
Armour         | 4 6 9 10 12 13 14 15 16 17 18 19 20 | 20.1
Dodging        | 1 4 5 7 9 11 12 13 14 15 16 17 18 | 18.3
Shields        | 4 6 9 10 12 13 14 15 16 17 18 19 20 | 20.0
Stealth        | 1 4 6 7 9 10 | 10.0
Invocations    | 3 4 6 8 9 11 12 | 12.0
Translocations | 1 3 5 6 |  6.0
Throwing       | 5 7 8 |  8.0

Action                   |  1- 3 |  4- 6 |  7- 9 | 10-12 | 13-15 | 16-18 | 19-21 | 22-24 || total
-------------------------+-------+-------+-------+-------+-------+-------+-------+-------++-------
Melee: War axe           |    61 |    90 |   238 |   246 |     6 |       |   479 |   805 ||  1925
       Headbutt          |     9 |    12 |    41 |    86 |   220 |   241 |   379 |   239 ||  1227
       Broad axe         |       |       |       |   145 |   936 |  1024 |   867 |       ||  2972
Throw: Dart              |     6 |    21 |    14 |    29 |    34 |    32 |    70 |    27 ||   233
Invok: Heroism           |       |       |       |     1 |     3 |     7 |    16 |    12 ||    39
       Finesse           |       |       |       |       |       |       |    11 |     8 ||    19
  Use: Scroll            |       |    11 |     6 |     8 |     6 |     8 |    10 |     3 ||    52
       Potion            |       |       |     1 |     1 |     8 |     5 |     5 |     2 ||    22
 Stab: Distracted        |       |       |       |     1 |       |     1 |       |     1 ||     3
       Invisible         |       |       |       |       |     4 |       |       |       ||     4
       Confused          |       |       |       |       |       |     1 |       |       ||     1
Armor: Plate armour      |    15 |    28 |   121 |   128 |   364 |   421 |   518 |   348 ||  1943
       Scale mail        |     8 |       |       |       |       |       |       |       ||     8
Dodge: Dodged            |    33 |    39 |    90 |   144 |   406 |   457 |   480 |   312 ||  1961
       Repelled          |       |       |     2 |     5 |       |       |       |       ||     7
Block: Buckler           |    13 |    14 |    45 |    81 |    96 |       |       |       ||   249
       Kite shield       |       |       |       |       |   249 |   516 |   755 |       ||  1520
       Tower shield      |       |       |       |       |       |   207 |   292 |   905 ||  1404
       Reflection        |       |       |       |       |       |    20 |    34 |       ||    54

Table legend: (Time is in decaauts)
 A = Elapsed time spent in this place.
 B = Non-inter-level travel time spent in this place.
 C = Inter-level travel time spent in this place.
 D = Time resting spent in this place.
 E = Time spent auto-exploring this place.
 F = Levels seen in this place.
 G = Mean time per level.
                   A        B        C        D        E       F      G
               +--------+--------+--------+--------+--------+-----+--------+
         Total |  82448 |  76130 |   6318 |  28889 |  31002 |  48 | 1717.7 |
       Dungeon |  23315 |  20958 |   2357 |   7309 |  10467 |  15 | 1554.3 |
        Temple |     45 |     38 |      7 |      0 |     16 |   1 |   45.0 |
          Lair |  13164 |  12461 |    703 |   5409 |   4477 |   5 | 2632.8 |
         Swamp |   6017 |   5639 |    378 |   2283 |   2110 |   4 | 1504.2 |
     Snake Pit |   7198 |   6778 |    420 |   2020 |   2822 |   4 | 1799.5 |
    Slime Pits |   1070 |   1059 |     11 |    475 |    233 |   3 |  356.7 |
  Orcish Mines |   1789 |   1641 |    148 |    318 |    714 |   2 |  894.5 |
   Elven Halls |   8529 |   8057 |    472 |   3334 |   2564 |   3 | 2843.0 |
        Vaults |  12743 |  11257 |   1486 |   4088 |   4896 |   5 | 2548.6 |
        Depths |   8432 |   8098 |    334 |   3651 |   2702 |   4 | 2108.0 |
         Abyss |    141 |    141 |      0 |      0 |      0 |   2 |   70.5 |
               +--------+--------+--------+--------+--------+-----+--------+

Top non-repeatable levels by time:
  Lair:3: 4563 daAuts
Vaults:1: 3315 daAuts
   Elf:3: 3133 daAuts
   Elf:2: 2989 daAuts
Depths:3: 2868 daAuts
Vaults:4: 2743 daAuts
Vaults:3: 2637 daAuts
   Elf:1: 2406 daAuts
  Lair:5: 2394 daAuts
 Snake:1: 2332 daAuts
  Lair:2: 2193 daAuts
  Lair:1: 2083 daAuts
Vaults:5: 2073 daAuts
     D:3: 2073 daAuts
     D:6: 2057 daAuts
